 Dungeon Crawl Stone Soup version 0.28.0 (webtiles) character file.

Game seed: 14530309138057035905

1815 freelancePsychic the Magician (level 8, -6/48 HPs)
             Began as a Deep Elf Transmuter on Feb 7, 2022.
             Was an Initiate of Gozag.
             Mangled by a manticore (17 damage)
             ... on level 6 of the Dungeon.
             The game lasted 00:19:16 (9202 turns).

freelancePsychic the Magician (Deep Elf Transmuter) Turns: 9202, Time: 00:19:17

Health: -6/48      AC:  4    Str:  7    XL:     8   Next: 85%
Magic:  18/30      EV: 13    Int: 21    God:    Gozag
Gold:   349        SH:  0    Dex: 15    Spells: 11/21 levels left

rFire   . . .      SeeInvis +   d - staff of cold
rCold   + . .      Faith    .   (no shield)
rNeg    . . .      Spirit   .   a - +0 robe
rPois   .          Reflect  .   y - +0 helmet
rElec   .          Harm     .   (no cloak)
rCorr   .          Rampage  .   p - +0 pair of gloves
Will    .....                   (no boots)
Stlth   +.........              (no amulet)
HPRegen 0.16/turn               o - ring of see invisible
MPRegen 0.22/turn               h - ring of magical power

@: spiked
A: no striking features
a: Renounce Religion, Potion Petition, Call Merchant, Bribe Branch


You were on level 6 of the Dungeon.
You worshipped Gozag.
Gozag was aware of your devotion.
You visited 1 branch of the dungeon, and saw 6 of its levels.

You collected 401 gold pieces.
You paid 52 gold pieces to Gozag.

Inventory:

Hand Weapons
 z - a +0 falchion
Missiles
 E - 2 throwing nets
Armour
 a - a +0 robe (worn)
 k - a +0 pair of gloves
 p - a +0 pair of gloves (worn)
 y - a +0 helmet (worn)
 B - an orb of energy
Magical Staves
 b - a staff of poison
 d - a staff of cold (weapon)
 l - a staff of air
Jewellery
 h - a ring of magical power (right hand)
 o - a ring of see invisible (left hand)
 w - a +6 ring of strength
Wands
 C - a wand of digging (7)
Scrolls
 c - a scroll of vulnerability {unknown}
 g - a scroll of amnesia
 q - 3 scrolls of identify {@r1}
 r - a scroll of acquirement {unknown}
 s - 2 scrolls of immolation {unknown}
 u - a scroll of holy word {unknown}
 v - a scroll of magic mapping {unknown}
 A - a scroll of fear {unknown}
 F - a scroll of summoning {unknown}
Potions
 f - 3 potions of degeneration {unknown}
 i - a potion of berserk rage {unknown}
 j - a potion of haste {unknown}
 m - a potion of attraction {unknown}
 n - a potion of lignification {unknown}
 t - a potion of magic {unknown}
 x - 3 potions of curing {unknown}
 D - 2 potions of might {unknown}


   Skills:
 + Level 4.6 Fighting
 - Level 1.3 Staves
 - Level 3.2 Dodging
 - Level 2.4 Unarmed Combat
 + Level 7.4 Spellcasting
 + Level 5.4 Conjurations
 - Level 4.2 Necromancy
 - Level 2.1 Transmutations
 + Level 5.2 Fire Magic


You had 11 spell levels left.
You knew the following spells:

 Your Spells              Type           Power      Damage    Failure   Level
a - Pain                  Necr           100%       1d9       1%          1
b - Scorch                Fire           58%        2d7       1%          2
c - Vampiric Draining     Necr           25%        2d7       4%          3
d - Sticky Flame          Conj/Fire      30%        2d5       10%         4

Your spell library contained the following spells:

 Spells                   Type           Power      Damage    Failure   Level
 Animate Skeleton         Necr           50%        N/A       1%          1
 Conjure Flame            Conj/Fire      30%        6-21      2%          3
 Beastly Appendage        Tmut           32%        N/A       3%          1
 Wereblood                Tmut           16%        N/A       5%          2
 Ignite Poison            Fire/Tmut/Pois 18%        N/A       9%          3
 Flame Wave               Conj/Fire      30%        2d8       10%         4
 Mephitic Cloud           Conj/Pois/Air  15%        N/A       12%         3
 Spider Form              Tmut/Pois      12%        N/A       16%         3
 Ice Form                 Ice/Tmut       18%        N/A       47%         4
 Freezing Cloud           Conj/Ice/Air   11%        6-21      75%         5
 Summon Cactus Giant      Summ           3%         N/A       100%        6
 Borgnjor's Revivificati  Necr           12%        N/A       100%        8
 Necromutation            Tmut/Necr      10%        N/A       100%        8
 Death's Door             Necr           12%        N/A       100%        9


Dungeon Overview and Level Annotations

Branches:
Dungeon (6/15)
 Temple: D:4-7

Altars:
Gozag
Zin

Shops:
D:1 !

Annotations:
D:3 exclusions: orc priest and orc wizard
D:4 Grinder
D:5 2 transporters


Message History

The volley of spikes hits you!
The barbed spikes become lodged in your body.
The barbs in your skin will harm you if you move.
Continue?
The barbed spikes dig painfully into your body as you move.
The manticore bites you!
* * * LOW HITPOINT WARNING * * *
The manticore claws you but does no damage.
The manticore closely misses you.
Casting: Scorch (safe; 1% risk of failure)
Confirm with . or Enter, or press ? or * to list all spells.
Aiming: Vampiric Draining (dangerous; 4% risk of failure)
Press: ? - help, Shift-Dir - straight line, f - manticore
Aim: a manticore (blue smoke)
You draw life force from the manticore.
You feel life coursing into your body.
The manticore closely misses you. x2; The manticore claws you!
* * * LOW HITPOINT WARNING * * *
Casting: Vampiric Draining (dangerous; 4% risk of failure)
Confirm with . or Enter, or press ? or * to list all spells.
Aiming: Vampiric Draining (dangerous; 4% risk of failure)
Press: ? - help, Shift-Dir - straight line, f/p - manticore
Aim: a manticore (blue smoke, lightly wounded)
You draw life force from the manticore!
You feel life coursing into your body!
The manticore barely misses you. x2; The manticore closely misses you.
Casting: Vampiric Draining (dangerous; 4% risk of failure)
Confirm with . or Enter, or press ? or * to list all spells.
Aiming: Vampiric Draining (dangerous; 4% risk of failure)
Press: ? - help, Shift-Dir - straight line, f/p - manticore
Aim: a manticore (blue smoke, heavily wounded)
You draw life force from the manticore!
You feel life coursing into your body.
The manticore barely misses you. x2; The manticore claws you!
* * * LOW HITPOINT WARNING * * *
Casting: Vampiric Draining (dangerous; 4% risk of failure)
Confirm with . or Enter, or press ? or * to list all spells.
Aiming: Vampiric Draining (dangerous; 4% risk of failure)
Press: ? - help, Shift-Dir - straight line, f/p - manticore
Aim: a manticore (blue smoke, heavily wounded)
You draw life force from the manticore!
You feel life coursing into your body. The manticore bites you!
You die...
Your body crumbles into a pile of gold.

#############.#.......#
..............#.......#
###############.......#
#.####.## #.# #.#
#.####§# #.#§§§§#
########§####
.≈≈8≈§§@§# ..≈≈≈§H§##
#....§§§# ###....##
#####


You could see a manticore.

Vanquished Creatures
  Sigmund (D:6)
  Duvessa (D:5)
  A black bear (D:6)
  A necrophage (D:4)
  An ice beast (D:6)
  A centaur (D:5)
  3 ogres
  2 bullfrogs (D:6)
  4 scorpions
  Dowan (D:5)
  A howler monkey (D:6)
  2 jellies
  A centaur skeleton (D:6)
  A hound (D:6)
  4 iguanas
  Ijyb (D:5)
  2 orc wizards
  2 hound skeletons (D:5)
  Robin (D:4)
  2 adders (D:3)
  3 gnolls (D:5)
  2 white imps
  An ufetubus (D:6)
  A dart slug (D:4)
  14 orcs
  3 bats (D:2)
  8 endoplasms
  2 giant cockroaches
  11 goblins
  5 hobgoblins
  11 jackals
  3 quokkas
  7 ball pythons
  A frilled lizard (D:3)
  3 kobolds
  8 rats
116 creatures vanquished.

Vanquished Creatures (others)
  2 plants (D:3)
2 creatures vanquished.

Grand Total: 118 creatures vanquished

Notes
Turn   | Place    | Note
-------+----------+-------------------------------------------
     0 | D:1      | freelancePsychic the Deep Elf Transmuter began the quest
                  | for the Orb.
     0 | D:1      | Reached XP level 1. HP: 11/11 MP: 6/6
   484 | D:1      | Reached skill level 1 in Fighting
   634 | D:1      | Found Ypsutaj's Distillery.
  1396 | D:2      | Reached XP level 2. HP: 16/16 MP: 6/8
  1818 | D:2      | Reached skill level 1 in Staves
  2796 | D:2      | Reached XP level 3. HP: 14/20 MP: 7/9
  3044 | D:2      | Learned a level 1 spell: Pain
  3048 | D:2      | Learned a level 3 spell: Vampiric Draining
  3276 | D:3      | Reached skill level 1 in Necromancy
  3766 | D:3      | Found a faded altar of an unknown god.
  3779 | D:3      | Identified the +5 quarterstaff of Eternal War {vorpal, rC+}
  4503 | D:3      | Reached XP level 4. HP: 11/25 MP: 9/10
  5211 | D:4      | Reached XP level 5. HP: 30/30 MP: 11/11
  5320 | D:4      | Noticed Grinder
  5392 | D:4      | Noticed Robin
  5522 | D:4      | Killed Robin
  5955 | D:4      | Noticed a necrophage
  6082 | D:5      | Entered Level 5 of the Dungeon
  6223 | D:5      | Reached skill level 1 in Conjurations
  6284 | D:5      | Found a transporter.
  6356 | D:5      | Learned a level 2 spell: Scorch
  6364 | D:5      | Noticed Ijyb
  6380 | D:5      | Killed Ijyb
  6381 | D:5      | Reached skill level 1 in Fire Magic
  6381 | D:5      | Reached XP level 6. HP: 23/35 MP: 12/13
  6415 | D:5      | Reached skill level 4 in Spellcasting
  7158 | D:5      | Reached XP level 7. HP: 28/40 MP: 14/16
  7160 | D:5      | Noticed Dowan
  7353 | D:4      | Learned a level 4 spell: Sticky Flame
  7368 | D:4      | Found a glowing silver altar of Zin.
  7369 | D:4      | Found an opulent altar of Gozag.
  7374 | D:4      | Became a worshipper of Gozag Ym Sagoz the Greedy
  7457 | D:5      | Reached skill level 5 in Spellcasting
  7480 | D:5      | Noticed Duvessa
  7515 | D:5      | Killed Duvessa
  7598 | D:5      | Killed Dowan
  7872 | D:5      | Found a transporter.
  8000 | D:6      | Reached XP level 8. HP: 47/48 MP: 15/18
  8061 | D:6      | Noticed Sigmund
  8096 | D:6      | Reached skill level 6 in Spellcasting
  8371 | D:6      | Killed Sigmund
  8716 | D:6      | Reached skill level 7 in Spellcasting
  8716 | D:6      | Reached skill level 5 in Conjurations
  8721 | D:6      | Reached skill level 5 in Fire Magic
  9193 | D:6      | Noticed a manticore
  9202 | D:6      | Mangled by a manticore

Illustrated notes

Levels and vault maps discovered:
D:1:      psy_arrival_basics, layout_basic, serial_shops,
          nicolae_shop_waterfront
D:2:      minmay_spotlight, layout_loops_ring
D:3:      layout_rooms, shapermc_ecumenical_altar_mp_ritualfount,
          hangedman_decor_opposing, minmay_misc_feat_room, minmay_hedge_maze
D:4:      layout_loops_cross, grunt_temple_overflow_gold_and_silver, uniq_robin,
          uniq_grinder
D:5:      gammafunk_steamed_eel, layout_basic, uniq_ijyb, uniq_duvessa
D:6:      layout_basic, moated_statue, uniq_sigmund

Skill      XL: |  1  2  3  4  5  6  7  8 |
---------------+-------------------------+-----
Fighting       | 1 2 3 4 |  4.6
Staves         | 1 |  1.3
Dodging        | 3 |  3.2
Necromancy     | 3 4 |  4.2
Conjurations   | 1 2 4 5 |  5.4
Fire Magic     | 1 2 3 5 |  5.2
Spellcasting   | 4 5 7 |  7.4
Unarmed Combat | |  2.4
Transmutations | |  2.1

Action                   |  1- 3 |  4- 6 |  7- 9 || total
-------------------------+-------+-------+-------++-------
Melee: Staff             |   107 |    10 |       ||   117
       Kick              |    15 |       |       ||    15
       Headbutt          |     6 |     2 |       ||     8
       Punch             |     2 |       |       ||     2
 Cast: Beastly Appendage |    19 |     2 |       ||    21
       Pain              |    28 |    63 |     7 ||    98
       Vampiric Draining |     3 |    30 |    28 ||    61
       Scorch            |       |    25 |    46 ||    71
       Sticky Flame      |       |       |     2 ||     2
  Use: Scroll            |       |     4 |     1 ||     5
Armor: Robe              |    25 |    13 |    10 ||    48
Dodge: Dodged            |    91 |    45 |    38 ||   174
